 Dungeon Crawl Stone Soup version 0.32-a0-450-g080537f31e (webtiles) character file.

Game seed: 2457835628138777512

293678 jasper the Warrior (level 19, 0/166 HPs)
             Began as a Mummy Warper on Feb 23, 2024.
             Was the Champion of Trog.
             Slain by a deep troll (20 damage)
             ... led by an ironbound preserver
             ... on level 1 of the Vaults.
             The game lasted 01:26:00 (39091 turns).

jasper the Warrior (Mummy Warper)                  Turns: 39091, Time: 01:26:01

Health: 0/166      AC: 39    Str: 31    XL:     19   Next: 76%
Magic:  0/7        EV: 11    Int: 13    God:    Trog [******]
Gold:   3626       SH: 19    Dex: 17    Spells: 23/23 levels left

rFire   . . .        m - +8 eveningstar (antimagic)
rCold   + . .        a - +5 kite shield {reflect}
rNeg    + + +        J - +8 chain mail "Inkudd" {Regen+ Dex+2}
rPois   ∞            d - +2 helmet
rElec   +            F - +2 cloak
rCorr   +            H - +2 pair of gloves of Zifeethe {Rampage rC+ rCorr Str+2}
SInv    +            M - +1 pair of boots
Will    ++++.        p - amulet of the Endless Expanse {Spirit Str+2 Dex+3} Stlth
                     b - ring of the Ant {Fire rPois Str+3 SInv}
HPRegen 2.27/turn    n - ring of Horghaega {rElec AC+4 Str+3}
MPRegen 0.10/turn

%: reflection, guardian spirit, rampage, faith
@: strong-willed, regenerating, studying Dodging
A: cold resistance 1, negative energy resistance 3, torment resistance 2, heat
vulnerability 1, in touch with death 2, no potions, faith
}: 2/15 runes: serpentine, barnacled
a: Renounce Religion, Trog's Hand, Brothers in Arms


You were on level 1 of the Vaults.
You worshipped Trog.
Trog was exalted by your worship.
You visited 7 branches of the dungeon, and saw 34 of its levels.
You also visited: Bailey and Gauntlet.

You collected 5712 gold pieces.
You spent 2086 gold pieces at shops.

Inventory:

Hand Weapons
 m - a +8 antimagic eveningstar (weapon)
 Z - the +11 eveningstar of Welfare {heavy, Str+2 Int+5}
   (You found it on level 12 of the Dungeon)

   Str+2:     It affects your strength (+2).
   Int+5:     It affects your intelligence (+5).
Missiles
 v - 6 throwing nets
 x - 5 curare-tipped darts
 G - 12 darts of dispersal
 I - 10 silver javelins
 Y - 51 boomerangs (quivered)
Armour
 a - a +5 kite shield of reflection (worn)
 d - a +2 helmet (worn)
 o - a scarf of invisibility
 F - a +2 cloak (worn)
 H - the +2 pair of gloves of Zifeethe (worn) {Rampage rC+ rCorr Str+2}
   (You found it in a Gauntlet)

   Str+2:     It affects your strength (+2).
   rC+:       It protects you from cold.
   rCorr:     It protects you from acid and corrosion.
   Rampage:   It bestows one free step when moving towards enemies.
 J - the +8 chain mail "Inkudd" (worn) {Regen+ Dex+2}
   (You took it off a minotaur in a Gauntlet)

   Dex+2:     It affects your dexterity (+2).
   Regen+:    It increases your rate of health regeneration.
 M - a +1 pair of boots (worn)
Jewellery
 b - the ring of the Ant (left hand) {Fire rPois Str+3 SInv}
   (You found it in a Gauntlet)

   [ring of fire]

   Fire:      It enhances your fire magic.
   Str+3:     It affects your strength (+3).
   rF+:       It protects you from fire.
   rC-:       It makes you vulnerable to cold.
   rPois:     It protects you from poison SInv: It lets you see invisible.
 e - a ring of protection from fire
 h - a +4 ring of slaying
 i - the ring of Vell {rElec Will++ MP+9 Int-5 Slay+6}
   (You took it off a deep elf annihilator on level 3 of the Elven Halls)

   [ring of magical power]

   Int-5:     It affects your intelligence (-5).
   Slay+6:    It affects your accuracy & damage with ranged weapons and melee
   (+6).
   rElec:     It insulates you from electricity.
   Will++:    It greatly increases your willpower.
   MP+9:      It affects your magic capacity (+9).
 j - a +4 ring of protection
 l - a ring of flight
 n - the ring of Horghaega (right hand) {rElec AC+4 Str+3}
   (You bought it in a shop on level 1 of the Snake Pit)

   [ring of protection]

   AC+4:      It affects your AC (+4).
   Str+3:     It affects your strength (+3).
   rElec:     It insulates you from electricity.
 p - the amulet of the Endless Expanse (around neck) {Spirit Str+2 Dex+3}
   (You bought it in a shop on level 1 of the Snake Pit)

   [amulet of guardian spirit]

   Spirit:    It causes incoming damage to be divided between your reserves of
   health and magic.
   Str+2:     It affects your strength (+2).
   Dex+3:     It affects your dexterity (+3).
 u - the ring "Mazikhloa" {Ice rElec Dex+4 SInv}
   (You took it off a merfolk on level 4 of the Shoals)

   [ring of ice]

   Ice:       It enhances your ice magic.
   Dex+4:     It affects your dexterity (+4).
   rF-:       It makes you vulnerable to fire.
   rC+:       It protects you from cold.
   rElec:     It insulates you from electricity.
   SInv:      It lets you see invisible.
 B - a ring of see invisible
 C - the ring of Qaxokh {Fire Dex+3}
   (You found it in a Gauntlet)

   [ring of fire]

   Fire:      It enhances your fire magic.
   Dex+3:     It affects your dexterity (+3).
   rF+:       It protects you from fire.
   rC-:       It makes you vulnerable to cold.
 O - an amulet of reflection
 W - the ring "Saapobet" {rPois rCorr Int+3}
   (You took it off a deep elf demonologist on level 3 of the Elven Halls)

   [ring of resist corrosion]

   Int+3:     It affects your intelligence (+3).
   rPois:     It protects you from poison rCorr: It protects you from acid and
   corrosion.
Wands
 f - a wand of iceblast (17)
 g - a wand of mindburst (10)
 t - a wand of quicksilver (1)
 w - a wand of paralysis (18)
 y - a wand of flame (101)
 P - a wand of digging (4)
 T - a wand of polymorph (23)
Scrolls
 c - a scroll of blinking
 k - 4 scrolls of immolation
 q - a scroll of brand weapon
 r - 21 scrolls of identify
 s - 17 scrolls of teleportation
 z - 6 scrolls of poison
 A - 3 scrolls of silence
 E - 3 scrolls of fog
 N - 4 scrolls of revelation
 S - 6 scrolls of butterflies
 U - 6 scrolls of noise
 V - 2 scrolls of torment
 X - 2 scrolls of vulnerability


   Skills:
 - Level 19.0 Fighting
 - Level 16.0 Maces & Flails
 - Level 0.7 Throwing
 - Level 15.0 Armour
 + Level 3.1 Dodging
 - Level 15.0 Shields
 - Level 2.6 Spellcasting
 - Level 2.4 Translocations
 - Level 6.1 Evocations


You had 23 spell levels left.
You didn't know any spells.
Your spell library contained the following spells:

 Spells                   Type           Power      Damage    Failure   Level
 Blink                    Tloc           16%        N/A       43%         2
 Lesser Beckoning         Tloc           16%        N/A       43%         2
 Teleport Other           Tloc           8%         N/A       67%         3
 Manifold Assault         Tloc           8%         N/A       97%         4
 Vhi's Electric Charge    Tloc/Air       8%         N/A       99%         4


Dungeon Overview and Level Annotations

Branches:
Dungeon (15/15)            Temple (0/1) D:5            Lair (5/5) D:10
 Shoals (4/4) Lair:2        Snake (4/4) Lair:2        Slime (0/5) Lair:4
    Orc (2/2) D:12            Elf (3/3) Orc:2        Vaults (1/5) D:14
 Depths (0/4) D:15         Bailey (visited)         Gauntlet (visited)

Altars:
Cheibriados
Dithmenos
Makhleb
Qazlal
Ru
Sif Muna
Trog
Wu Jian
Beogh
Jiyva

Shops:
D:6 :   D:7 :   D:8 =   Orc:2 [(=*   Elf:3 *   Snake:1 :=:   Vaults:1 (

Annotations:
Elf:1 1 runed translucent door, Lurir's ghost, journeyman KoHu
Elf:2 3 runed translucent doors


Innate Abilities, Weirdness & Mutations

You are immune to poison.
Your flesh is cold resistant. (rC+)
You are immune to negative energy. (rN+++)
You are immune to unholy pain and torment.
You are vulnerable to heat. (rF-)
You are strongly in touch with the powers of death.
You do not drink.
You have a special connection with the divine. (Faith)


Message History

The deep troll dies!
Trog accepts your kill.
You block the deep troll's attack. x2; The deep troll claws you.
You block the deep troll's attack. The deep troll barely misses you.
The deep troll completely misses you.
You take 4 damage, and have 52/166 hp.
You now have 1/7 mp.
You bludgeon the deep troll!!
The deep troll is heavily wounded.
Your cyclops hits the deep troll.
You regained 2 hp, and now have 54/166 hp.
You sock the deep troll!
The deep troll is severely wounded.
The deep troll bites you. You block the deep troll's attack.
The deep troll barely misses you. You block the deep troll's attack. x2
The deep troll closely misses you.
The deep troll bites you but does no damage.
The deep troll closely misses you. x2; Your cyclops hits the deep troll!
You take 4 damage, and have 50/166 hp.
You barely miss the deep troll.
The deep troll is severely wounded.
The deep troll bites you but does no damage.
The deep troll claws you but does no damage.
You block the deep troll's attack. x3
The deep troll claws you but does no damage.
The deep troll bites you.
* * * LOW HITPOINT WARNING * * *
The deep troll misses you.
The deep troll claws you but does no damage.
The ironbound convoker gestures at the deep troll while chanting.
The deep troll seems to grow stronger.
Your cyclops hits the deep troll!!!
The deep troll dies!
Trog accepts your kill.
Your Dodging skill increases to level 3!
You take 3 damage, and have 47/166 hp.
You block the deep troll's attack. The deep troll claws you!
* * * LOW HITPOINT WARNING * * *
You block the deep troll's attack. The deep troll bites you!!
* * * LOW HITPOINT WARNING * * *
You block the deep troll's attack. The deep troll claws you!!
You die...

#...... #+# #......
..
###############'###
..#..................
.#..................
'..................
#.p................
#TTp...............
#.@...############+
#..C..#.......#
#.....#.......#
#...$)#[.)....#
#....)+).)....#
#.....#†.)....#
#.....#.......#
#†)†..#########
#.....#


You could see a vault warden (strong), 2 deep trolls, an ironbound convoker and
a friendly cyclops (summoned, berserk).

Vanquished Creatures
  Mara (Snake:4)
  Jorgrun (Orc:1)
  A titan (Shoals:4)
  Polyphemus (Shoals:3)
  2 deep elf master archers (Elf:3)
  2 deep elf blademasters (Elf:3)
  Kirke (Shoals:1)
  Frances (D:13)
  5 deep elf sorcerers
  5 nagarajas
  4 deep elf elementalists
  An emperor scorpion (D:15)
  A quicksilver ooze (Gauntlet)
  3 ironbound preservers (Vaults:1)
  An orc warlord (Bailey)
  7 deep elf demonologists
  4 deep elf death magi (Elf:3)
  5 deep elf annihilators (Elf:3)
  12 merfolk impalers
  5 merfolk javelineers
  A yaktaur captain (Vaults:1)
  4 vault guards (D:14)
  5 salamander tyrants
  An alligator snapping turtle (Shoals:4)
  4 centaur warriors
  A spriggan air mage (Elf:2)
  4 satyrs
  Erica (D:10)
  2 merfolk avatars
  An ogre mage (D:15)
  3 boulder beetles
  19 dancing weapons
  5 hydras
  5 catoblepae
  7 two-headed ogres
  5 anacondas
  13 merfolk aquamancers
  A tengu warrior (D:14)
  3 death knights
  3 death yaks (Shoals:3)
  A hell hog (Lair:5)
  11 naga warriors
  A deep troll earth mage (D:12)
  Urug (D:13)
  2 shock serpents
  12 naga sharpshooters
  3 orc high priests
  13 deep elf knights
  2 skeletal warriors
  9 skysharks
  3 salamander mystics (Snake:4)
  Nergalle (Orc:2)
  8 sea snakes
  8 deep trolls (Vaults:1)
  7 naga ritualists
  10 mana vipers
  7 deep elf archers
  4 harpies
  2 lindwurms (Vaults:1)
  28 deep elf pyromancers
  15 deep elf zephyrmancers
  An obsidian statue (Gauntlet)
  2 orc knights
  2 orc sorcerers (Orc:2)
  Maurice (D:7)
  4 ugly things
  A shining eye (shapeshifter) (D:15)
  3 cyclopes
  14 fauns
  12 manticores
  3 meliai
  11 elephants
  11 salamanders
  3 kobold blastminers
  7 merfolk sirens
  41 black mambas
  A torpor snail (Lair:1)
  3 vault sentinels (Vaults:1)
  8 guardian serpents
  19 naga magi
  14 cane toads
  12 water nymphs
  3 gargoyles
  2 rime drakes
  3 yaktaurs
  3 kobold demonologists
  8 komodo dragons
  Jeremiah (D:9)
  4 freezing wraiths
  3 tengu conjurers
  2 efreet
  11 polar bears
  18 wind drakes
  22 merfolk
  A queen bee (shapeshifter) (D:14)
  Grinder (D:5)
  8 trolls
  3 raiju (Lair:5)
  A hornet (D:8)
  8 blink frogs
  7 snapping turtles
  Sigmund (D:5)
  2 shadows
  3 slime creatures (D:15)
  A vampire (D:13)
  9 air elementals
  A wyvern (D:8)
  40 yaks
  5 wraiths
  36 water elementals
  4 fire elementals
  10 basilisks
  4 vampire mosquitoes
  15 wargs
  Menkaure (D:5)
  46 nagas
  An acid dragon (D:10)
  A naga (shapeshifter) (Elf:3)
  7 water moccasins
  11 hell hounds (Lair:5)
  27 orc warriors
  A sky beast (D:7)
  14 black bears
  2 ice beasts
  2 laughing skulls (D:15)
  16 wolves
  12 ogres
  2 centaurs
  3 phantoms
  8 bullfrogs
  Blork the orc (D:5)
  6 kobold brigands
  3 gnoll sergeants
  8 scorpions
  5 earth elementals
  7 wights
  2 troll zombies (D:12)
  17 killer bees
  4 electric eels
  2 bombardier beetles
  A gnoll bouda (D:5)
  18 orc priests
  Crazy Yiuf (D:2)
  2 hounds
  3 jellies
  Ijyb (D:5)
  An iguana (D:4)
  31 orc wizards
  Natasha (thrice) (D:4)
  6 ogre zombies (D:12)
  Robin (D:2)
  8 adders
  20 gnolls
  3 shadow imps
  5 white imps
  2 ufetubi (D:6)
  4 dart slugs
  2 ribbon worms
  69 orcs
  7 endoplasms
  5 giant cockroaches
  23 goblins
  13 hobgoblins
  7 jackals
  3 quokkas
  4 ball pythons
  7 bats
  5 frilled lizards
  A gnoll skeleton (D:12)
  A gnoll zombie (D:12)
  25 kobolds
  6 orc skeletons (D:12)
  16 orc zombies (D:12)
  4 rats
1229 creatures vanquished.

Vanquished Creatures (collateral kills)
  An orc warlord (Orc:2)
  A minotaur (Gauntlet)
  Josephine (Orc:2)
  A hydra (Lair:5)
  An anaconda (Snake:4)
  A salamander tyrant (Snake:4)
  A merfolk aquamancer (Shoals:1)
  2 naga warriors
  A naga sharpshooter (Snake:1)
  Lodul (D:13)
  2 deep trolls (Vaults:1)
  A salamander mystic (Snake:4)
  A mana viper (Snake:4)
  A naga ritualist (Snake:4)
  A harpy (Shoals:2)
  An orc sorcerer (Orc:2)
  4 orc knights
  4 elephants (Lair:5)
  2 black mambas
  A naga mage (Snake:1)
  A gargoyle (D:13)
  2 cane toads (Lair:5)
  3 merfolk
  A troll (Orc:2)
  A snapping turtle (Shoals:1)
  4 wraiths (Orc:2)
  11 yaks (Lair:5)
  A wyvern (Lair:5)
  A warg (Orc:2)
  2 hogs (Shoals:1)
  A naga (Snake:1)
  2 water moccasins (Lair:5)
  9 orc warriors
  4 ogres (D:13)
  2 orc priests (Orc:2)
  6 orcs
  A goblin (Bailey)
  2 hobgoblins (Bailey)
83 creatures vanquished.

Vanquished Creatures (others)
  A salamander mystic (Snake:4)
  A deep elf archer (Elf:1)
  2 deep elf pyromancers
  A harpy (Shoals:4)
  2 deep elf zephyrmancers (Elf:1)
  A water elemental (Shoals:1)
  3 humans (Shoals:1)
  2 orc wizards (Orc:2)
  A gnoll skeleton (D:13)
14 creatures vanquished.

Grand Total: 1326 creatures vanquished

Notes
Turn   | Place    | Note
-------+----------+-------------------------------------------
     0 | D:1      | jasper the Mummy Warper began the quest for the Orb.
     0 | D:1      | Reached XP level 1. HP: 16/16 MP: 4/4
   328 | D:1      | Found a faded altar of an unknown god.
   366 | D:1      | Reached XP level 2. HP: 20/22 MP: 5/5
  1216 | D:2      | Reached XP level 3. HP: 27/27 MP: 7/7
  1591 | D:2      | Found a bloodstained altar of Trog.
  1636 | D:2      | Became a worshipper of Trog the Wrathful
  1846 | D:2      | Found a runed translucent door.
  1847 | D:2      | Noticed Crazy Yiuf
  1930 | D:2      | Noticed Robin
  1988 | D:2      | Killed Robin
  1989 | D:2      | Reached XP level 4. HP: 18/34 MP: 8/8
  2112 | D:2      | Reached * piety under Trog
  2484 | D:3      | Found a stormy altar of Qazlal.
  2488 | D:3      | You fall into a shaft and drop 3 floors!
  2522 | D:6      | Found Fiecker's Vocational Training.
  2522 | D:6      | Noticed a scorpion
  2537 | D:6      | Killed a scorpion
  2538 | D:6      | Reached skill level 3 in Fighting
  2538 | D:6      | Reached XP level 5. HP: 35/41 MP: 9/9
  2539 | D:6      | Noticed a black bear
  2541 | D:5      | Entered Level 5 of the Dungeon
  2628 | D:5      | Noticed an ice beast
  2641 | D:5      | Killed an ice beast
  2731 | D:4      | Reached XP level 6. HP: 48/48 MP: 10/10
  2906 | D:4      | Reached skill level 4 in Fighting
  3366 | D:3      | Reached skill level 5 in Maces & Flails
  3715 | D:3      | Reached ** piety under Trog
  4235 | D:4      | Reached XP level 7. HP: 55/55 MP: 11/11
  4368 | D:4      | Noticed Natasha
  4374 | D:4      | Killed Natasha
  4386 | D:4      | Found an ornate altar of the Wu Jian Council.
  4459 | D:4      | Noticed Natasha
  4467 | D:4      | Reached skill level 1 in Armour
  4468 | D:4      | Killed Natasha
  4759 | D:4      | Noticed Natasha
  4770 | D:4      | Killed Natasha
  4885 | D:5      | Noticed Sigmund
  4900 | D:5      | Killed Sigmund
  4901 | D:5      | Reached skill level 5 in Fighting
  5070 | D:5      | Reached XP level 8. HP: 57/62 MP: 12/12
  5324 | D:5      | Noticed Ijyb
  5341 | D:5      | Killed Ijyb
  5541 | D:5      | Found a staircase to the Ecumenical Temple.
  5580 | D:5      | Noticed Grinder
  5598 | D:5      | Killed Grinder
  5831 | D:5      | Reached skill level 6 in Fighting
  5851 | D:5      | Noticed Blork the orc
  5860 | D:5      | Killed Blork the orc
  5965 | D:5      | Noticed Menkaure
  5973 | D:5      | Killed Menkaure
  6492 | D:6      | Found a shimmering blue altar of Sif Muna.
  6611 | D:6      | Reached *** piety under Trog
  6671 | D:6      | Reached XP level 9. HP: 71/71 MP: 13/13
  7363 | D:7      | Noticed Maurice
  7364 | D:7      | Found Cillail's Book Emporium.
  7376 | D:7      | Killed Maurice
  7377 | D:7      | Reached skill level 7 in Fighting
  7605 | D:7      | Reached **** piety under Trog
  8453 | D:2      | Killed Crazy Yiuf
  8739 | D:8      | Reached skill level 5 in Armour
  8774 | D:8      | Reached XP level 10. HP: 43/80 MP: 14/14
  9095 | D:8      | Found Nuton's One-of-a-Kind Rings.
  9116 | D:8      | Found a sacrificial altar of Ru.
  9588 | D:8      | Reached skill level 8 in Fighting
  9724 | D:8      | Reached ***** piety under Trog
 10144 | D:9      | Found a snail-covered altar of Cheibriados.
 10411 | D:9      | Identified a scroll of acquirement
 10425 | D:9      | Acquired a +2 demon whip of flaming
 10452 | D:9      | Noticed Jeremiah
 10454 | D:9      | Noticed a sun demon
 10456 | D:9      | Noticed a rust devil
 10459 | D:9      | Noticed a soul eater
 10460 | D:9      | Reached skill level 10 in Maces & Flails
 10471 | D:9      | Killed Jeremiah
 10915 | D:9      | Found a burning altar of Makhleb.
 10992 | D:9      | Noticed an Executioner
 11229 | D:10     | Entered Level 10 of the Dungeon
 11292 | D:10     | Found a flagged portal.
 11333 | Bailey   | Entered a bailey
 11400 | Bailey   | Noticed an orc knight
 11422 | Bailey   | Killed an orc knight
 11423 | Bailey   | Reached skill level 9 in Fighting
 11582 | Bailey   | Noticed an orc knight
 11601 | Bailey   | Killed an orc knight
 11602 | Bailey   | Reached XP level 11. HP: 50/89 MP: 15/15
 11908 | Bailey   | Noticed an orc knight
 11918 | Bailey   | Killed an orc knight
 12030 | Bailey   | Noticed an orc warlord
 12054 | Bailey   | Killed an orc warlord
 12130 | Bailey   | Acquired a +2 kite shield of reflection
 12341 | D:10     | Identified the +0 chain mail of the Orb {Str+5 Dex+2}
 12454 | D:10     | Noticed Erica
 12473 | D:10     | Killed Erica
 12957 | D:10     | Found a staircase to the Lair.
 13078 | D:10     | Reached skill level 1 in Shields
 13120 | D:10     | Found a shadowy altar of Dithmenos.
 13628 | D:11     | Found a gate leading to a gauntlet.
 13639 | Gauntlet | Entered a Gauntlet
 13639 | Gauntlet | Noticed a catoblepas
 13639 | Gauntlet | Found a transporter.
 13639 | Gauntlet | Found a transporter.
 13640 | Gauntlet | Found a transporter.
 13640 | Gauntlet | Noticed a soul eater
 13643 | Gauntlet | Found a transporter.
 13643 | Gauntlet | Found a transporter.
 13643 | Gauntlet | Found a transporter.
 13654 | Gauntlet | Noticed a green death
 13655 | Gauntlet | Found a transporter.
 13657 | Gauntlet | Found a transporter.
 13659 | Gauntlet | Noticed a sixfirhy
 13667 | Gauntlet | Found a transporter.
 13667 | Gauntlet | Noticed a sixfirhy
 13669 | Gauntlet | Noticed a quicksilver ooze
 13768 | Gauntlet | Noticed an obsidian statue
 13769 | Gauntlet | Found a transporter.
 13773 | Gauntlet | Found a transporter.
 13785 | Gauntlet | Found a transporter.
 13845 | Gauntlet | Killed a catoblepas
 13855 | Gauntlet | Identified the ring of Qaxokh {Fire Dex+3}
 13860 | Gauntlet | Acquired 915 gold pieces
 13928 | Gauntlet | Identified the +2 pair of gloves of Zifeethe {Rampage rC+
                  | rCorr Str+2}
 14013 | Gauntlet | Killed an obsidian statue
 14028 | Gauntlet | Killed a quicksilver ooze
 14029 | Gauntlet | Reached skill level 10 in Fighting
 14039 | Gauntlet | Identified the ring of the Ant {Fire rPois Str+3 SInv}
 14053 | Gauntlet | Identified the +7 halberd "Raisin" {flame, rElec}
 14053 | Gauntlet | Identified the +8 chain mail "Inkudd" {Regen+ Dex+2}
 14053 | Gauntlet | Noticed a minotaur
 14072 | Gauntlet | Killed a minotaur
 14073 | Gauntlet | Reached XP level 12. HP: 55/97 MP: 5/16
 15101 | Lair:1   | Entered Level 1 of the Lair of Beasts
 15740 | Lair:2   | Reached skill level 5 in Shields
 15852 | Lair:2   | Reached skill level 11 in Fighting
 16156 | Lair:2   | Found a staircase to the Snake Pit.
 16352 | Lair:2   | Found a staircase to the Shoals.
 16419 | Lair:3   | Noticed a boulder beetle
 16855 | Lair:3   | Gained mutation: You are strongly in touch with the powers
                  | of death. [Mummy growth]
 16855 | Lair:3   | Reached XP level 13. HP: 105/107 MP: 17/17
 16943 | Lair:3   | Reached skill level 12 in Fighting
 17437 | Lair:4   | Received a gift from Trog
 17567 | Lair:4   | Found a viscous altar of Jiyva.
 17569 | Lair:4   | Found a staircase to the Slime Pits.
 18198 | Lair:5   | Entered Level 5 of the Lair of Beasts
 18509 | Lair:5   | Reached skill level 10 in Armour
 18514 | Lair:5   | Reached skill level 13 in Fighting
 18789 | Lair:5   | Reached XP level 14. HP: 118/118 MP: 18/18
 18801 | Lair:5   | Received a gift from Trog
 19046 | Lair:5   | Got an earthy gem with 112 turns to spare
 19588 | D:12     | Found a staircase to the Orcish Mines.
 19751 | D:12     | Reached ****** piety under Trog
 19862 | D:12     | Received a gift from Trog
 19863 | D:12     | Reached skill level 14 in Fighting
 20166 | D:12     | Got the +11 eveningstar of Welfare {heavy, Str+2 Int+5}
 20541 | Orc:1    | Entered Level 1 of the Orcish Mines
 20701 | Orc:2    | Entered Level 2 of the Orcish Mines
 20873 | Orc:2    | Noticed an orc warlord
 20883 | Orc:2    | Noticed Josephine
 20894 | Orc:2    | Killed an orc warlord
 20905 | Orc:2    | Killed Josephine
 20916 | Orc:2    | Received a gift from Trog
 21041 | Orc:2    | Found a staircase to the Elven Halls.
 21094 | Orc:2    | Found a roughly hewn altar of Beogh.
 21094 | Orc:2    | Found Jutuef's General Store.
 21112 | Orc:2    | Bought a scroll of torment for 152 gold pieces
 21180 | Orc:2    | Found Coece's Antique Weapon Emporium.
 21586 | Orc:2    | Found Asig's Jewellery Emporium.
 21608 | Orc:2    | Found Doolex's Antique Armour Emporium.
 21686 | Orc:1    | Noticed Nergalle
 21717 | Orc:2    | Killed Nergalle
 21900 | Orc:1    | Noticed Jorgrun
 21905 | Orc:1    | Reached skill level 10 in Shields
 21960 | Orc:1    | Killed Jorgrun
 22117 | D:13     | Reached XP level 15. HP: 127/127 MP: 19/19
 22182 | D:13     | Received a gift from Trog
 22187 | D:13     | Noticed Urug
 22206 | D:13     | Killed Urug
 22269 | D:13     | Noticed Lodul
 22291 | D:13     | Killed Lodul
 22292 | D:13     | Reached skill level 15 in Fighting
 22385 | D:13     | Noticed Frances
 22400 | D:13     | Killed Frances
 22779 | D:14     | Found a gate to the Vaults.
 23456 | D:15     | Entered Level 15 of the Dungeon
 23666 | D:15     | Noticed an emperor scorpion
 23700 | D:15     | Killed an emperor scorpion
 23761 | D:15     | Identified the +9 mace of the Eternal Void {flame, *Corrode
                  | rPois SInv} (Trog gifted it to you on level 15 of the
                  | Dungeon)
 23761 | D:15     | Received a gift from Trog
 23774 | D:15     | Found a staircase to the Depths.
 24906 | Snake:1  | Entered Level 1 of the Snake Pit
 25198 | Snake:1  | Reached XP level 16. HP: 119/136 MP: 20/20
 25240 | Snake:1  | Found Hisehimo's Book Shoppe.
 25240 | Snake:1  | Found Hyh Xoxi's Jewellery Shop.
 25241 | Snake:1  | Found Olank's Book Shoppe.
 25249 | Snake:1  | Bought the ring of Horghaega {rElec AC+4 Str+3} for 844
                  | gold pieces
 25249 | Snake:1  | Bought the amulet of the Endless Expanse {Spirit Str+2
                  | Dex+3} for 712 gold pieces
 25347 | Snake:1  | Received a gift from Trog
 26176 | Snake:2  | Reached skill level 15 in Armour
 26306 | Snake:2  | Received a gift from Trog
 27171 | Snake:3  | Identified the +5 scale mail "Archeucvu" {Dex+4}
 27227 | Snake:3  | Identified the +1 leather armour of Honour {rF+ Int+4}
 27830 | Snake:4  | Entered Level 4 of the Snake Pit
 27899 | Snake:3  | Received a gift from Trog
 28599 | Snake:4  | Reached XP level 17. HP: 60/142 MP: 3/21
 28780 | Snake:4  | Identified the +4 trident of Ahuyhaen {flame, *Rage rF++
                  | Str+2 SInv}
 28797 | Snake:4  | Received a gift from Trog
 28846 | Snake:4  | Noticed Mara
 28857 | Snake:4  | Noticed jasper's illusion
 28873 | Snake:4  | Killed Mara
 29377 | Snake:4  | Reached skill level 15 in Maces & Flails
 29502 | Snake:4  | Got a serpentine rune of Zot
 29853 | Shoals:1 | Entered Level 1 of the Shoals
 29916 | Shoals:1 | HP: 6/142 [merfolk aquamancer/torrent of water (17)]
 29933 | Shoals:1 | Noticed Kirke
 29937 | Shoals:1 | HP: 7/142 [something/ball of steam (16)]
 29941 | Shoals:1 | Received a gift from Trog
 29978 | Shoals:1 | Killed Kirke
 30099 | Shoals:1 | HP: 4/142 [merfolk javelineer/silver javelin (11)]
 31004 | Shoals:2 | Received a gift from Trog
 32232 | Shoals:3 | Reached XP level 18. HP: 131/149 MP: 5/22
 32289 | Shoals:3 | Received a gift from Trog
 32859 | Shoals:3 | Noticed Polyphemus
 32901 | Shoals:3 | Killed Polyphemus
 32957 | Shoals:4 | Entered Level 4 of the Shoals
 33103 | Shoals:4 | Found a stormy altar of Qazlal.
 33164 | Shoals:4 | Paralysed by an air elemental for 1 turns
 33200 | Shoals:4 | Paralysed by an air elemental for 1 turns
 33205 | Shoals:4 | Paralysed by an air elemental for 1 turns
 33286 | Shoals:4 | Paralysed by an air elemental for 1 turns
 33334 | Shoals:4 | Received a gift from Trog
 33456 | Shoals:4 | Identified the +3 leather armour of the Stars {Regen+ rCorr
                  | Str-3 SInv}
 33497 | Shoals:4 | Found a stormy altar of Qazlal.
 33664 | Shoals:4 | Identified the +4 scale mail of the Stars {Str+5 Int-3}
 33686 | Shoals:4 | Reached skill level 15 in Shields
 33711 | Shoals:4 | Reached skill level 1 in Evocations
 33965 | Shoals:4 | Identified the ring "Mazikhloa" {Ice rElec Dex+4 SInv}
 34039 | Shoals:4 | Received a gift from Trog
 34099 | Shoals:4 | Identified the +5 lajatang of Fear {flame, Dex+5}
 34138 | Shoals:4 | Got a barnacled rune of Zot
 34153 | Shoals:4 | Identified the staff of the Wolf {Fly rPois rC- rN+++ Dex+4
                  | Alchemy}
 34571 | Elf:1    | Entered Level 1 of the Elven Halls
 34571 | Elf:1    | Noticed Lurir's ghost (journeyman KoHu)
 34571 | Elf:1    | Found a runed translucent door.
 34599 | Elf:1    | Paralysed by an air elemental for 1 turns
 34609 | Elf:1    | Reached skill level 5 in Evocations
 34692 | Orc:2    | Received a gift from Trog
 35500 | Elf:1    | Received a gift from Trog
 35628 | Elf:1    | Paralysed by an air elemental for 1 turns
 36144 | Elf:2    | Reached skill level 16 in Fighting
 36189 | Elf:2    | Reached XP level 19. HP: 154/157 MP: 7/23
 36373 | Elf:2    | Paralysed by an air elemental for 1 turns
 36817 | Elf:2    | Found a runed translucent gate.
 36817 | Elf:2    | Found a runed translucent gate.
 36817 | Elf:2    | Found a runed translucent gate.
 37029 | Elf:3    | Entered Level 3 of the Elven Halls
 37083 | Elf:3    | Reached skill level 17 in Fighting
 37566 | Elf:3    | Found Wova's Overcharged Wands.
 37573 | Elf:3    | Bought a wand of polymorph (18) for 378 gold pieces
 37628 | Elf:3    | Received a gift from Trog
 38080 | Elf:3    | Paralysed by an air elemental for 1 turns
 38094 | Elf:3    | Paralysed by an air elemental for 1 turns
 38099 | Elf:3    | Paralysed by an air elemental for 1 turns
 38199 | Elf:3    | Reached skill level 18 in Fighting
 38260 | Elf:3    | Identified the +0 leather armour of the Wizarding Gods {rF-
                  | rC- SInv Stlth+}
 38261 | Elf:3    | Noticed a Brimstone Fiend
 38280 | Elf:3    | Noticed a Brimstone Fiend
 38409 | Elf:3    | Identified the +0 great sword of Parts Unknown {spect,
                  | Int+3}
 38409 | Elf:3    | Identified the ring "Saapobet" {rPois rCorr Int+3}
 38484 | Elf:3    | Identified the ring of Vell {rElec Will++ MP+9 Int-5
                  | Slay+6}
 38577 | Elf:3    | Identified the staff "Qacwat" {*Slow rF+ rCorr Int+2 Hexes
                  | Fire}
 38632 | Elf:3    | Identified the staff of Contention {rC+ Will+ Hexes Ice}
 38892 | Vaults:1 | Entered Level 1 of the Vaults
 38896 | Vaults:1 | Found Giaw's Antique Weapon Shop.
 38997 | Vaults:1 | Received a gift from Trog
 39041 | Vaults:1 | Reached skill level 19 in Fighting
 39091 | Vaults:1 | Slain by a deep troll

Illustrated notes

Levels and vault maps discovered:
D:1:      evilmike_arrival_rings, layout_rooms,
          hellmonk_ecumenical_altar_leap_of_faith, minmay_misc_feat_chi,
          corner_web_ring
D:2:      minmay_inner_zag, layout_loops_corners, serial_bayou,
          serial_bayou_pond_e, serial_bayou_shore_a, serial_bayou_pond_a,
          serial_bayou_lagoon_a, basic_altar, patterned_corridor,
          uniq_crazy_yiuf_cottage, uniq_robin
D:3:      layout_loops_corners, lemuel_crystal_altar
D:4:      layout_loops_corners, pdpol_wu_jian_five_deadly_venoms, uniq_natasha
D:5:      layout_loops_corners, minmay_temple_entry_large_hall,
          minmay_misc_feat_cross, uniq_menkaure, uniq_grinder, uniq_ijyb,
          uniq_sigmund, uniq_blork_the_orc
D:6:      layout_cave_pools, hellmonk_sif_muna_bookshelves,
          nicolae_shop_vocational
D:7:      layout_loops_cross, serial_shops, nicolae_shop_hallway_plus,
          chequers_serial_rivers_large_a, grunt_decor_clamped, uniq_maurice
D:8:      layout_basic, lemuel_tele_altar, nicolae_shop_unique_rings,
          grunt_tough_drop
D:9:      layout_basic, kennysheep_slug_shrine, makhleb_altar_promises_db,
          minivault_22, st_stairs_9, uniq_jeremiah
D:10:     layout_layer_cave, nicolae_dithmenos_shadow_blocks, lair_entry_dummy,
          enter_bailey_3, uniq_erica
D:11:     layout_loops_ring, gauntlet_entry_generic
D:12:     minmay_roctagon, layout_irregular_city, zombieorc2_lemuel
D:13:     layout_cave_pools, uniq_frances, uniq_urug, uniq_lodul
D:14:     layout_basic, lightli_vaults_fourway_checkpoint,
          infiniplex_staircase_zigzag_4
D:15:     hangedman_depths_entry_try_elsewhere_first, layout_stronghold,
          minivault_24, st_stairs_1
Lair:1:   layout_misc_corridors
Lair:2:   layout_cave_shapes, elwin_shoals_entry_rooms,
          nicolae_snake_entry_squirm
Lair:3:   layout_roguey, serial_bayou_lagoon_b
Lair:4:   layout_regular_city, slime_entry_2, serial_bayou, serial_bayou_lake_a,
          serial_bayou_pond_e, serial_bayou_shore_b, serial_bayou_pond_e,
          bobbens_ice_dragon_lair
Lair:5:   hangedman_lair_caniforms_friends, layout_cave_shapes
Shoals:1: layout_shoals, uniq_kirke
Shoals:2: layout_shoals, st_sunken_huts
Shoals:3: layout_shoals, portal_ice_cave_entry_pillars_four,
          nicolae_shoals_nymph_descending_staircase, uniq_polyphemus
Shoals:4: shoals_end_hellmonk_storm_palace [storm_palace_center_ruins,
          storm_palace_corner_narrow, storm_palace_corner_altar,
          storm_palace_corner_grid, storm_palace_corner_altar]
Snake:1:  layout_onion, grunt_megastairs_5, minmay_shop_grove
Snake:2:  layout_concentric_octagons, nicolae_triple_integral,
          grunt_megastairs_3
Snake:3:  layout_grid_shapes, grunt_ministairs_6
Snake:4:  johnstein_snake_rune_scales, layout_cave_town, uniq_mara
Orc:1:    layout_diamond_mine, uniq_jorgrun, uniq_nergalle
Orc:2:    grunt_orc_cross, layout_diamond_mine, blackcustard_mines_bat_river,
          uniq_josephine
Elf:1:    layout_rooms, hellmonk_ghost_happy_afterlife, minmay_elf_sorcery
Elf:2:    nicolae_elf_blades_splatter_lattice
          [nicolae_blade_entry_floor_patterns], layout_geoelf_octagon,
          nrook_mini_backslash, nicolae_elf_elemental_lessons
Elf:3:    elf_hall, layout_gridlike, nicolae_shop_overcharged_wands
Vaults:1: v_misc_11, v_pattern_3, nicolae_vaults_alarming,
          nicolae_vaults_taking_the_gang_shopping,
          nicolae_vaults_three_branches, nicolae_vaults_house_2,
          nicolae_vaults_tetromino_T_2, nicolae_vaults_tetromino_Z_1,
          ontoclasm_vaults_ring_small, nicolae_vaults_double_plus_1,
          layout_vaults_ring, serial_shops, shop, shop, shop,
          nicolae_shop_tiny_waterfront, nicolae_shop_tiny_waterfront

Skill      XL: |  1  2  3  4  5  6  7  8  9 10 11 12 13 14 15 16 17 18 19 |
---------------+----------------------------------------------------------+-----
Maces & Flails | 2 3 4 5 6 7 9 10 12 14 16 | 16.0
Fighting       | 3 4 5 6 7 9 10 11 13 14 15 16 19 | 19.0
Armour         | 2 3 5 6 7 8 10 11 14 15 | 15.0
Shields        | 3 6 8 10 11 12 13 15 | 15.0
Evocations     | 6 |  6.1
Dodging        | 3 |  3.1
Throwing       | |  0.7
Spellcasting   | |  2.6
Translocations | |  2.4

Action                     |  1- 3 |  4- 6 |  7- 9 | 10-12 | 13-15 | 16-18 | 19-21 || total
---------------------------+-------+-------+-------+-------+-------+-------+-------++-------
  Melee: Mace              |    77 |    82 |       |       |       |       |       ||   159
         Whip              |    60 |    53 |       |       |       |       |       ||   113
         Quarterstaff      |       |    32 |   376 |       |       |       |       ||   408
         Morningstar       |       |       |     1 |   202 |       |       |       ||   203
         Demon whip        |       |       |       |   724 |  1720 |   170 |       ||  2614
         Eveningstar       |       |       |       |       |    17 |  1930 |   548 ||  2495
  Throw: Stone             |     8 |       |     1 |     4 |       |       |       ||    13
         Dart              |       |       |       |     8 |     7 |       |       ||    15
         Throwing net      |       |       |       |     2 |       |       |       ||     2
         Boomerang         |       |       |       |       |    22 |    25 |       ||    47
 Invoke: Trog's Hand       |       |     1 |     4 |     5 |     5 |    13 |     7 ||    35
         Brothers in Arms  |       |       |       |     7 |     6 |     4 |     2 ||    19
  Evoke: Wand              |       |       |     6 |    12 |     1 |     8 |     7 ||    34
    Use: Scroll            |     2 |     6 |     5 |    10 |     7 |    10 |     2 ||    42
   Stab: Sleeping          |     1 |       |       |       |       |       |       ||     1
         Distracted        |       |       |     2 |     1 |     2 |       |       ||     5
         Paralysed         |       |       |    14 |       |       |       |       ||    14
         Petrified         |       |       |       |       |    12 |       |       ||    12
 Armour: Leather armour    |    61 |       |       |       |       |       |       ||    61
         Scale mail        |    36 |    41 |   234 |   320 |       |       |       ||   631
         Chain mail        |       |    71 |   104 |   125 |   779 |  1470 |   432 ||  2981
  Dodge: Dodged            |    98 |    56 |   161 |   282 |   245 |   494 |   171 ||  1507
  Block: Other             |       |       |       |    49 |       |       |       ||    49
         Kite shield       |       |       |       |   293 |  1627 |  2040 |   528 ||  4488
         Reflection        |       |       |       |     4 |    65 |   217 |    16 ||   302

Table legend: (Time is in decaauts)
 A = Elapsed time spent in this place.
 B = Non-inter-level travel time spent in this place.
 C = Inter-level travel time spent in this place.
 D = Time resting spent in this place.
 E = Time spent auto-exploring this place.
 F = Levels seen in this place.
 G = Mean time per level.
                   A        B        C        D        E       F      G
               +--------+--------+--------+--------+--------+-----+--------+
         Total |  38120 |  35334 |   2786 |   3666 |  21157 |  36 | 1058.9 |
       Dungeon |  17476 |  16025 |   1451 |   1023 |  11399 |  15 | 1165.1 |
          Lair |   4497 |   4120 |    377 |    261 |   2539 |   5 |  899.4 |
        Shoals |   4443 |   4141 |    302 |    353 |   1908 |   4 | 1110.8 |
     Snake Pit |   4678 |   4403 |    275 |    693 |   2231 |   4 | 1169.5 |
  Orcish Mines |   2283 |   2114 |    169 |    728 |    856 |   2 | 1141.5 |
   Elven Halls |   3354 |   3145 |    209 |    232 |   1859 |   3 | 1118.0 |
        Vaults |    170 |    170 |      0 |      0 |     52 |   1 |  170.0 |
        Bailey |    784 |    784 |      0 |    335 |    153 |   1 |  784.0 |
      Gauntlet |    433 |    433 |      0 |     41 |    159 |   1 |  433.0 |
               +--------+--------+--------+--------+--------+-----+--------+

Top non-repeatable levels by time:
   Orc:2: 1841 daAuts
 Snake:4: 1718 daAuts
     D:8: 1619 daAuts
     D:2: 1615 daAuts
     D:4: 1605 daAuts
     D:5: 1469 daAuts
   Elf:3: 1465 daAuts
    D:10: 1393 daAuts
     D:7: 1389 daAuts
Shoals:4: 1349 daAuts
     D:9: 1250 daAuts
    D:15: 1157 daAuts
Shoals:2: 1128 daAuts
 Snake:3: 1092 daAuts
  Lair:2: 1077 daAuts
